[Event "FIDE Candidates 2024"]
[Site "Toronto"]
[Date "2024.04.04"]
[Round "1.3"]
[White "Firouzja, Alireza"]
[Black "Praggnanandhaa R"]
[Result "1/2-1/2"]
[ECO "C83"]
[WhiteElo "2760"]
[BlackElo "2747"]
[Annotator "TA"]
[PlyCount "77"]
[EventDate "2024.04.02"]
[EventType "tourn"]
[EventCountry "CAN"]
[SourceTitle "playchess.com"]
[Source "ChessBase"]
[SourceQuality "1"]
[TimeControl "40/7200:1800+30"]

1. e4 e5 2. Nf3 Nc6 3. Bb5 a6 4. Ba4 Nf6 5. O-O Nxe4 6. d4 b5 7. Bb3 d5 8. dxe5 Be6 9. c3 Be7 10. Bc2 Bg4 11. Qe1 Nc5 12. Nbd2 Ne6 {[%emt 0:01:06] Prevents Nd4.} 13. Kh1 Bh5 14. Nb3 Bxf3 15. gxf3 Bg5 16. Rg1 {[%emt 0:00:28] Black must now prevent Bxg5.} Bxc1 17. Nxc1 Qh4 18. Rg4 Qh5 19. Nd3 O-O 20. Qe2 f5 21. exf6 $1 Rxf6 22. f4 Rh6 {[%emt 0:23:12][%csl Gh6][%cal Rh5h2] [#]} 23. f3 Rf8 24. Qf2 Rff6 25. Re1 Qf7 26. Qg3 Rh5 27. a4 Rfh6 28. Re2 Rh3 29. Qe1 Rxf3 (29... Qh5 $5 30. Rgg2 Nf8 $14 (30... Qxf3 31. Kg1 $11)) 30. Nc5 Qh5 (30... Nxc5 $2 31. Re8+ $18) ({Better is} 30... Nf8 $1 $14) 31. Nxe6 (31. Reg2 $1 $16 Ne5 (31... Nxc5 32. Rxg7+ Kf8 33. Rg8+ Kf7 34. Qe8+ Kf6 35. Rf8+) (31... Rxf4 $2 32. Qxe6+ Rxe6 33. Rxg7+ Kf8 34. Nxe6+ Ke8 35. Nxc7+ Kf8 36. Ne6+ Ke8 37. Nxf4 $18) 32. fxe5) 31... Qxg4 $11 {[%emt 0:00:27] The position is equal.} 32. Ng5 {[%emt 0:00:01] Dodges Qh3. Some like it hot} Ne5 {[%emt 0:03:18][%cal Og4f4] [#] And now ...Qxf4! would win.} 33. Rxe5 (33. Bb3 $5 c6 $8 (33... Rxf4 $2 {perishes.} 34. Rxe5 c6 35. Rxd5 $18) (33... Qxf4 $2 34. Bxd5+ Kh8 35. Nxf3 $18) 34. Rxe5 Rxh2+ 35. Kxh2 Qxf4+ 36. Kg2 Qg4+ 37. Kh2 Qf4+ 38. Kg2 Qg4+ 39. Kh1 Qh5+ 40. Kg2 Qg4+ $11) 33... Rxh2+ $1 34. Kxh2 Qh5+ 35. Kg2 {[%emt 0:00:13] Threatening mate with Re8+.} Qg4+ 36. Kh1 Qh5+ 37. Kg2 {[%emt 0:00:03] Re8+ would kill now.} Qg4+ 38. Kh1 Qh5+ 39. Kg2 {[%emt 0:00:24] Weighted Error Value: White=0.10 (very precise) /Black=0.08 (flawless) .  Mistake:       	White=1     	Black=1      Inaccurate:     	White=1     	Black=2      OK:         	White=8     	Black=14     Best:        	White=1     	Black=2      Strong:       	White=1     	Black=1} 1/2-1/2

[Event "FIDE Candidates 2024"]
[Site "Toronto"]
[Date "2024.04.04"]
[Round "1.4"]
[White "Gukesh D"]
[Black "Vidit, Santosh Gujrathi"]
[Result "1/2-1/2"]
[ECO "D40"]
[WhiteElo "2743"]
[BlackElo "2727"]
[Annotator "TA"]
[PlyCount "42"]
[EventDate "2024.04.02"]
[EventType "tourn"]
[EventCountry "CAN"]
[SourceTitle "playchess.com"]
[Source "ChessBase"]
[SourceQuality "1"]
[TimeControl "40/7200:1800+30"]

1. d4 d5 2. c4 e6 3. Nc3 c5 4. e3 Nf6 5. Nf3 Nc6 6. a3 a6 7. dxc5 Bxc5 8. b4 Bd6 {[%emt 0:00:13] The position is equal.} 9. Ra2 Ne5 10. Rd2 Nxf3+ 11. gxf3 O-O 12. Bb2 a5 13. cxd5 e5 14. Nb5 axb4 15. Nxd6 Qxd6 16. axb4 Qxb4 17. Qc2 {[%emt 0:11:26] [#] Prevents Bf5} Bg4 $1 {[%emt 0:39:57] Hoping for ...Rfc8.} 18. Bc3 (18. fxg4 $2 {too greedy.} Rfc8 19. Qd3 Ra2 $19) 18... Qa3 19. Bb2 {[%emt 0:00:37] This pair of bishops is nice.} Qb4 {[%emt 0:00:34] Strongly threatening ...Rfc8.} 20. Bc3 (20. fxg4 $2 {is the wrong capture.} Rfc8 21. Qd3 Ra2 $19) 20... Qa3 21. Bb2 Qb4 $1 {[%emt 0:00:17] A rather calm draw.   Weighted Error Value: White=0.02 (flawless) /Black=0.01 (flawless) .  OK:         	White=5     	Black=6      Best:        	White=2     	Black=1      Strong:       	---       	Black=1} 1/2-1/2

[Event "FIDE Candidates 2024"]
[Site "Toronto"]
[Date "2024.04.04"]
[Round "2.1"]
[White "Praggnanandhaa R"]
[Black "Gukesh D"]
[Result "0-1"]
[ECO "E20"]
[WhiteElo "2747"]
[BlackElo "2743"]
[Annotator "TA"]
[PlyCount "66"]
[EventDate "2024.04.02"]
[EventType "tourn"]
[EventCountry "CAN"]
[SourceTitle "playchess.com"]
[Source "ChessBase"]
[SourceQuality "1"]
[TimeControl "40/7200:1800+30"]

1. d4 d5 2. c4 e6 3. Nf3 Nf6 4. g3 Bb4+ 5. Nc3 dxc4 6. Bg2 O-O 7. O-O Nc6 8. a3 {[%emt 0:02:23] 8.Re1 might become the main line.} Be7 9. e4 {[%emt 0:11:30] E20: Nimzo-Indian: 4 g3 and 4 f3.} a6 10. Be3 b5 11. Qe2 Bb7 12. Rad1 Na5 13. d5 exd5 14. e5 {[%emt 0:03:41] [#]} (14. exd5 $15 Bc8 (14... Nxd5 15. Nxd5 Bxd5 16. Ne5 $16) 15. Rfe1) 14... Ne8 $1 $17 15. e6 {[%emt 0:26:35] [#]} f5 $146 (15... fxe6 16. Bf4 c6 17. Qxe6+ Kh8 18. Ne5 $15) (15... c6 $1 $17 {And now ...Nb3 would win.} 16. exf7+ Rxf7) ({Predecessor:} 15... c6 16. exf7+ Rxf7 17. Ne5 Rf5 18. Bd4 Bd6 19. Bh3 Rf6 20. Nd7 Rh6 21. Rfe1 Nb3 {0-1 Hunger,H (2402)-Laurenc,P (2415) Paredes Memorial-A email 2014}) 16. Ne5 $1 $11 Nf6 17. Qc2 (17. Nf7 $11 {remains equal.} Qe8 (17... Rxf7 18. exf7+ Kxf7 19. g4 $17) 18. Qc2 (18. Bxd5 Nxd5 19. Nxd5 Bxd5 $11) (18. Nxd5 Nxd5 19. Bxd5 Bxd5 $11)) 17... c6 (17... c5 $17 {Strongly threatening ...d4.} 18. Nxd5 Nxd5) 18. Qxf5 $15 Qe8 19. Nf7 (19. Rfe1 $15) 19... Bc8 (19... Nb3 $17 20. Ne2 Nc5 (20... Rxf7 21. exf7+ Qxf7 22. Nc1 $17)) 20. Rfe1 $1 $15 Nb7 (20... Bxe6 21. Nh6+ gxh6 22. Qxe6+ Qf7 23. Bb6 $11) (20... Rxf7 $17 21. exf7+ Qxf7) 21. Bg5 Ra7 ({Better is} 21... Nc5 $1 $15 22. Bxf6 Bxe6 (22... Bxf6 23. Nxd5 cxd5 24. Qxd5 $11) 23. Nh6+ (23. Rxe6 Nxe6 24. Qxe6 Bxf6 $17) 23... Kh8 24. Bxe7 (24. Rxe6 $2 Nxe6 25. Qxe6 Rxf6 $19) (24. Bxg7+ Kxg7 25. Rxe6 Nxe6 $17) 24... Qxe7 (24... Bxf5 25. Bxc5 Qg6 26. Bxf8 $11)) 22. Bxf6 (22. Rxd5 $5 cxd5 (22... Nxd5 $2 23. Be4 $18) 23. Bxf6 (23. Nxd5 $2 Nd6 $19) 23... Bxf6 24. Nxd5 Bxe6 (24... Bxb2 $2 25. Be4 $18) 25. Rxe6 Qxf7 26. Be4 $18) 22... Bxf6 23. Bxd5 $1 (23. Nxd5 cxd5 24. a4 Qe7 (24... bxa4 25. Qxd5 Qe7 26. Qxc4 $15) (24... Bxb2 25. Bxd5 Bc3 26. Qg5 $11) (24... Bxe6 25. Rxe6 Be7 26. Bxd5 $14) 25. Qxd5 Na5 (25... bxa4 26. Qxc4 Qc5 27. Rc1 $11) (25... Bxb2 $2 26. Be4 $19) 26. axb5 Bb7 $11 (26... Bxb2 $2 27. b6 $18)) 23... cxd5 24. Nxd5 Be7 $1 ({Don't play} 24... Bxb2 25. Qc2 Bxa3 (25... Bxe6 $2 26. Ng5 $18) 26. Nc7 $11) 25. Qg4 (25. Nh6+ $1 $15 gxh6 26. Qg4+ Bg5 27. h4) 25... Nd8 $19 26. Nxd8 (26. Qd4 $17 Nxe6 27. Qxa7 Rxf7 (27... Bc5 28. Qxc5 Nxc5 29. Rxe8 $17) 28. Nxe7+ Rxe7 (28... Qxe7 29. Qxe7 Rxe7 30. Rd8+ Nxd8 31. Rxe7 $17) 29. Qa8) 26... Bxd8 27. Qd4 Rb7 28. Re4 Bf6 (28... Bxe6 29. Rde1 $11) 29. Qe3 Be7 (29... Bxb2 30. e7 Rf7 31. Nc7 Rxc7 32. Rd8 $16) 30. h4 Qc6 31. h5 $2 (31. Re5) 31... Bc5 $19 32. Qg5 Bxe6 33. h6 Rxf2 0-1

[Event "FIDE Candidates 2024"]
[Site "Toronto"]
[Date "2024.04.04"]
[Round "2.2"]
[White "Nakamura, Hikaru"]
[Black "Vidit, Santosh Gujrathi"]
[Result "0-1"]
[ECO "C65"]
[WhiteElo "2789"]
[BlackElo "2727"]
[Annotator "TA"]
[PlyCount "58"]
[EventDate "2024.04.02"]
[EventType "tourn"]
[EventCountry "CAN"]
[SourceTitle "playchess.com"]
[Source "ChessBase"]
[SourceQuality "1"]
[TimeControl "40/7200:1800+30"]

1. e4 e5 2. Nf3 Nc6 3. Bb5 Nf6 4. d3 Bc5 5. c3 O-O 6. O-O d6 7. h3 Ne7 8. d4 c6 (8... Bb6 $11) 9. Bd3 (9. dxc5 $16 cxb5 10. cxd6) 9... Bb6 $11 {[%emt 0:00:16] The position is equal.} 10. dxe5 dxe5 11. Nxe5 Bxh3 12. Nc4 (12. gxh3 $11 Qb8 13. Bf4) 12... Bg4 $15 13. Qc2 Bc7 {[%emt 0:32:59] Black is more active.} 14. e5 {[%emt 0:00:42] [#]} Nd7 (14... Nfd5 $1 $17 {Strongly threatening ...Ng6.} 15. Bxh7+ Kh8) 15. Bxh7+ $11 Kh8 {[%emt 0:00:02][%cal Og7g6] aiming for ...g6!} 16. Bd3 (16. Qe4 {is interesting.} f5 17. Bxf5 Bxf5 18. Qh4+) 16... b5 $36 {[%emt 0:10:53][%mdl 2048] Black has good play.} 17. Ne3 Nxe5 {[%emt 0:00:29] Threatens to win with ...Qd6.} 18. Be2 {[%emt 0:00:04] Loses the game.} (18. Nxg4 $1 $15 Qxd3 19. Qxd3 Nxd3 20. a4) 18... f5 $19 {[%emt 0:05:02] ...Qe8 is the strong threat.} 19. f4 $2 (19. Nxg4 fxg4 20. g3) 19... Bb6 {[%emt 0:03:19][%cal Oe7d5] Hoping for ...Nd5!} 20. Kf2 $2 {[%emt 0:20:43] [#]} ({Much worse is} 20. fxe5 Nd5 21. g3 (21. Bxg4 $2 Nxe3 22. Bxe3 Bxe3+ 23. Kh2 fxg4 $19) 21... Bxe3+ 22. Kh1 Qg5 23. Bxg4 fxg4 $19 (23... Qxg4 $2 24. Qh2+ Kg8 25. Bxe3 $19)) (20. c4 Bxe2 21. Qxe2) 20... Nd5 $1 {[%emt 0:08:07][%cal Be7d5,Bd5e3,Be3f1][%mdl 32] And now ...Qh4+ would win. Black is clearly winning.} 21. Rh1+ (21. g3 Nxf4) 21... Kg8 22. fxe5 Qg5 23. Ke1 Bxe3 (23... Nxe3 $142 24. Qb3+ Rf7) 24. Bxg4 Qxg4 25. Bxe3 Nxe3 26. Qe2 Qg3+ 27. Kd2 Rad8+ 28. Kc1 Qg5 29. b3 Nf1+ {[%emt 0:01:02] Weighted Error Value: White=0.90/Black=0.56.  Mistake:       	White=5     	Black=2      Inaccurate:     	White=1     	Black=2      OK:         	White=3     	Black=3      Best:        	White=1     	Black=3} 0-1

[Event "FIDE Candidates 2024"]
[Site "Toronto"]
[Date "2024.04.04"]
[Round "2.3"]
[White "Nepomniachtchi, Ian"]
[Black "Firouzja, Alireza"]
[Result "1-0"]
[ECO "C65"]
[WhiteElo "2758"]
[BlackElo "2760"]
[Annotator "RC"]
[PlyCount "89"]
[EventDate "2024.04.02"]
[EventType "tourn"]
[EventCountry "CAN"]
[SourceTitle "playchess.com"]
[Source "ChessBase"]
[SourceQuality "1"]
[TimeControl "40/7200:1800+30"]

1. e4 e5 2. Nf3 Nc6 3. Bb5 Nf6 4. d3 Bc5 5. c3 O-O 6. O-O d5 7. exd5 Qxd5 8. Bc4 Qd8 9. b4 Be7 10. Nbd2 a6 11. a4 Bf5 12. Qc2 Nd5 13. Ne4 Bg4 14. Qa2 Nb6 15. Bb3 Bxf3 16. gxf3 Qxd3 17. Kg2 Qd7 18. Rd1 Qe8 19. h4 Nc8 20. h5 Kh8 21. h6 g5 22. Qd2 Nd6 23. Bb2 Nf5 24. Qd7 Nh4+ 25. Kf1 f5 26. Ng3 Nxf3 27. b5 f4 28. Ne4 Na5 29. Be6 Qg6 30. Qxe7 Qxh6 31. Bf7 Qh3+ 32. Ke2 Qf5 33. Bd5 Rae8 34. Qxc7 Qg4 35. Kd3 Rd8 36. c4 Rxd5+ 37. cxd5 Qh3 38. Ng3 Nc4 39. Qxc4 fxg3 40. fxg3 axb5 41. axb5 Rc8 42. Rh1 Qd7 43. Qe4 Kg8 44. Ke3 Nd4 45. Bxd4 1-0

[Event "FIDE Candidates 2024"]
[Site "Toronto"]
[Date "2024.04.05"]
[Round "3.1"]
[White "Gukesh D"]
[Black "Nepomniachtchi, Ian"]
[Result "1/2-1/2"]
[ECO "E01"]
[WhiteElo "2743"]
[BlackElo "2758"]
[Annotator "TA"]
[PlyCount "80"]
[EventDate "2024.04.02"]
[EventType "tourn"]
[EventCountry "CAN"]
[SourceTitle "playchess.com"]
[Source "ChessBase"]
[SourceQuality "1"]
[TimeControl "40/7200:1800+30"]

1. d4 Nf6 2. c4 e6 3. g3 d5 4. Bg2 c5 5. cxd5 Nxd5 6. Nf3 cxd4 7. O-O Bc5 8. Nxd4 O-O 9. Nb3 Be7 10. e4 Nb4 11. Nc3 N8c6 12. Be3 Qxd1 13. Raxd1 Ne5 14. a3 Nbc6 15. f4 Nc4 16. Bc1 f6 17. Rfe1 Rb8 18. Bf1 Nd6 19. Nb5 Nxb5 20. Bxb5 Kf7 21. Be3 a6 22. Be2 b5 23. Nc5 Rd8 24. Rxd8 Bxd8 25. Rc1 {[%emt 0:05:03][%cal Oc5e6] White is much more active.} Bb6 26. Kf2 {[%emt 0:00:00][%cal Oc5a6] And now Nxa6! would win.} Bxc5 27. Bxc5 {[%emt 0:00:00] [#] Threatens to win with Bd6.} Bb7 28. Ke3 Rd8 29. Bb6 {[%emt 0:01:04] A strong pair of Bishops.} ({White should play} 29. a4 $16) 29... Rd7 $14 30. Rd1 Rxd1 31. Bxd1 {[%emt 0:00:02][%mdl 4096] Endgame. KBB-KBN} g6 32. Bc5 h5 33. b3 Bc8 34. a4 e5 35. axb5 axb5 {[%emt 0:00:00] [#]} 36. f5 Kg7 37. fxg6 Bg4 {[%emt 0:00:00] The position is equal.} 38. Bc2 ({But not} 38. Bxg4 hxg4 39. Kd3 Kxg6 $11) 38... Be6 39. Kd2 b4 40. Bd1 Kxg6 {[%emt 0:00:00] Weighted Error Value: White=0.08 (flawless) /Black=0.07 (flawless) .  Mistake:       	White=2     	---        Inaccurate:     	White=1     	Black=4      OK:         	White=13    	Black=14     Best:        	White=1     	---} 1/2-1/2

[Event "FIDE Candidates 2024"]
[Site "Toronto"]
[Date "2024.04.05"]
[Round "3.3"]
[White "Firouzja, Alireza"]
[Black "Caruana, Fabiano"]
[Result "1/2-1/2"]
[ECO "B30"]
[WhiteElo "2760"]
[BlackElo "2803"]
[Annotator "TA"]
[PlyCount "76"]
[EventDate "2024.04.02"]
[EventType "tourn"]
[EventCountry "CAN"]
[SourceTitle "playchess.com"]
[Source "ChessBase"]
[SourceQuality "1"]
[TimeControl "40/7200:1800+30"]

1. e4 c5 2. Nf3 Nc6 3. Bb5 Nf6 4. Nc3 Nd4 5. e5 Nxb5 6. Nxb5 Nd5 7. c4 Nc7 8. Nc3 d5 9. exd6 exd6 10. d4 Be7 11. O-O O-O 12. Bf4 Ne6 13. Be3 Nc7 14. h3 Bf5 15. Re1 Re8 16. Qd2 (16. dxc5 $14 {feels stronger.} dxc5 17. Qb3) 16... d5 $1 $11 17. cxd5 c4 18. Bf4 Nxd5 19. Re5 Nxc3 20. Qxc3 Qd7 21. Qxc4 Rac8 22. Qb5 Qxb5 23. Rxb5 Be4 24. d5 a6 25. Rxb7 Bxd5 {[%emt 0:00:04] This pair of bishops is nice.} 26. Rd7 Be6 27. Ra7 Ra8 28. Rxa8 Rxa8 29. a3 h6 30. Re1 Rd8 {[%emt 0:00:40] Wards off Nd4} 31. Be5 Rd5 32. Bc3 Bc5 {[%emt 0:00:21] Prevents Nd4} 33. Ne5 Kh7 34. Nf3 Bd7 35. Re5 Rd1+ 36. Re1 Rd5 37. Re5 Rd1+ 38. Re1 Rd5 {[%emt 0:00:51] Weighted Error Value: White=0.08 (flawless) /Black=0.04 (flawless) .  Mistake:       	White=1     	---        Inaccurate:     	White=1     	Black=3      OK:         	White=17    	Black=19     Best:        	---       	Black=1      Strong:       	---       	Black=1} 1/2-1/2

[Event "FIDE Candidates 2024"]
[Site "Toronto"]
[Date "2024.04.07"]
[Round "4.1"]
[White "Nakamura, Hikaru"]
[Black "Praggnanandhaa R"]
[Result "1/2-1/2"]
[ECO "C78"]
[WhiteElo "2789"]
[BlackElo "2747"]
[Annotator "TA"]
[PlyCount "47"]
[EventDate "2024.04.02"]
[EventType "tourn"]
[EventCountry "CAN"]
[SourceTitle "playchess.com"]
[Source "ChessBase"]
[SourceQuality "1"]
[TimeControl "40/7200:1800+30"]

1. e4 e5 2. Nf3 Nc6 3. Bb5 a6 4. Ba4 Nf6 5. d3 Bc5 6. O-O b5 7. Bb3 h6 8. a4 {[%emt 0:03:40] axb5 would now be deadly.} Rb8 9. Be3 Bxe3 10. fxe3 d6 11. axb5 axb5 12. Qe1 O-O 13. h3 Ne7 14. Nc3 Be6 15. Nd2 Qd7 16. Ne2 Ra8 17. Bxe6 fxe6 18. Rxa8 Rxa8 19. Ng3 Ng6 20. Qd1 Ra2 21. Qb1 Ra8 22. Qd1 {[%emt 0:00:45] The position is equal.} Ra2 23. Qb1 Ra8 24. Qd1 {[%emt 0:04:13] Weighted Error Value: White=0.06 (flawless) /Black=0.08 (flawless) .  Inaccurate:     	White=1     	---        OK:         	White=7     	Black=3} 1/2-1/2

[Event "FIDE Candidates 2024"]
[Site "Toronto"]
[Date "2024.04.07"]
[Round "4.2"]
[White "Nepomniachtchi, Ian"]
[Black "Vidit, Santosh Gujrathi"]
[Result "1-0"]
[ECO "C67"]
[WhiteElo "2758"]
[BlackElo "2727"]
[Annotator "TA"]
[PlyCount "87"]
[EventDate "2024.04.02"]
[EventType "tourn"]
[EventCountry "CAN"]
[SourceTitle "playchess.com"]
[Source "ChessBase"]
[SourceQuality "1"]
[TimeControl "40/7200:1800+30"]

1. e4 e5 2. Nf3 Nc6 3. Bb5 Nf6 4. O-O Nxe4 5. d4 Nd6 6. Bxc6 dxc6 7. dxe5 Nf5 8. Qxd8+ Kxd8 9. Nc3 Bd7 10. h3 h6 11. g4 {[%emt 0:00:12][%cal Of1d1] Rd1! is the strong threat.} Ne7 12. Nh2 g5 13. f4 {[%emt 0:00:57] Black has an edge.} gxf4 14. Bxf4 Be6 15. Ne4 b6 16. Nf3 c5 17. Nf6 Kc8 18. Kg2 Kb7 19. Kg3 a5 20. a3 a4 21. Rad1 Nc6 (21... Kc6 {looks sharper.} 22. Rd2 Ng6 23. h4 Kb7) 22. c3 Be7 23. Nh4 h5 24. g5 Ra5 25. Rde1 (25. g6 fxg6 26. Rfe1 (26. Nxg6 $2 Bxf6 27. exf6 Rg8 $19) 26... Raa8 $17) 25... Rb5 26. Bc1 Rb3 ({Black should play} 26... c4 $11 27. g6 Nxe5) 27. g6 $14 fxg6 28. Nxg6 {[%emt 0:00:15] A dynamic duo of knights.} Rd8 (28... h4+ $1 $14 29. Kh2 Rd8) 29. Nxe7 $16 Nxe7 30. Nxh5 Rd3+ 31. Rf3 Rxf3+ 32. Kxf3 Bxh3 33. e6 b5 34. Bg5 Nd5 35. e7 Bd7 36. Rd1 ({Reject} 36. e8=R Bxe8 37. Rxe8 Rxb2 $11) 36... Kc6 (36... Be8 $14 37. Ng7 Bc6) 37. Ke4 {[%emt 0:01:54] White is more active.} Be8 $2 {[%emt 0:02:22][%mdl 8192] This move loses the game for Black.} (37... Nxe7 $16 38. Bxe7 Bg4) 38. Rxd5 $18 Bxh5 {[%emt 0:00:12][%mdl 4096] Endgame. [#] KRB-KRB} 39. Bc1 Bg6+ 40. Ke5 b4 {[%emt 0:00:00] [#]} 41. Kf6 $1 Be8 (41... Kxd5 42. Kxg6) 42. Rd8 {[%emt 0:00:11] White mates.} bxa3 43. bxa3 Bd7 {[%emt 0:06:14] [#]} 44. Kf7 $1 {[%emt 0:00:12] Weighted Error Value: White=0.06 (flawless) /Black=0.63.  Loses game:     	---       	Black=1      Mistake:       	---       	Black=3      Inaccurate:     	White=1     	Black=2      OK:         	White=11    	Black=9      Best:        	White=6     	Black=2} ({Weaker is} 44. e8=R Bxe8 45. Rxe8 Rxc3 $11) 1-0

[Event "FIDE Candidates 2024"]
[Site "Toronto"]
[Date "2024.04.09"]
[Round "5.1"]
[White "Praggnanandhaa R"]
[Black "Nepomniachtchi, Ian"]
[Result "1/2-1/2"]
[ECO "C42"]
[WhiteElo "2747"]
[BlackElo "2758"]
[Annotator "TA"]
[PlyCount "88"]
[EventDate "2024.04.02"]
[EventType "tourn"]
[EventCountry "CAN"]
[SourceTitle "playchess.com"]
[Source "ChessBase"]
[SourceQuality "1"]
[TimeControl "40/7200:1800+30"]

1. e4 e5 2. Nf3 Nf6 3. Nxe5 d6 4. Nf3 Nxe4 5. d4 d5 6. Bd3 Bd6 7. O-O O-O 8. c4 c6 9. Nc3 Nxc3 10. bxc3 dxc4 11. Bxc4 Bf5 12. Bg5 Qa5 13. Nh4 (13. d5 {simplifies} Qc7 14. Re1 Bg6 15. h3) 13... Be6 14. Bxe6 {[%emt 0:00:06] Bf5 would now be deadly. White has an edge.} Qxg5 15. Nf3 Qa5 16. Bh3 Qxc3 17. Rb1 b6 18. Rb3 Qa5 19. d5 cxd5 (19... Qxd5 $2 20. Rd3 Qxa2 21. Rxd6 $18) 20. Ng5 $1 {[%emt 0:00:29] Strongly threatening Qh5.} h6 {[%emt 0:08:48] [#]} (20... Qxa2 $2 21. Nxf7 Rxf7 22. Be6 $18) (20... g6 $5) 21. Nxf7 Kxf7 22. Rd3 Nd7 23. Rxd5 (23. Bxd7 $5 Kg8 $8 24. Kh1 $11 (24. Rxd5 Bc5 $11)) 23... Nc5 (23... Bxh2+ $1 $11 24. Kxh2 Nc5) 24. Rxd6 $16 {[%emt 0:07:04] White threatens Qd5+ and mate.} Kg8 {[%emt 0:02:35] [#]} 25. Qd5+ Kh8 {[%emt 0:00:28] Black is weak on the light squares} 26. Bf5 {[%emt 0:12:31] White is more active.} (26. Qe5 $16 Qxa2 27. Rxh6+ Kg8 28. Rh5) 26... Nb7 $1 $14 27. Qxa5 Nxa5 28. g4 Nc4 29. Rd5 Rae8 30. h3 Ne5 31. Kg2 {[%emt 0:02:03] Wards off Nf3} g6 32. Bc2 g5 33. Bf5 Re7 34. Rd6 Kg7 35. Re1 Rf6 {[%emt 0:02:00] The position is equal.} 36. Rd5 Ng6 37. Rxe7+ Nxe7 $11 {[%emt 0:00:02][%mdl 4096] Endgame. KRB-KRN} 38. Rd7 Kf8 39. Be4 a5 40. Kg3 Ng6 41. Bxg6 Rxg6 42. h4 Rc6 43. hxg5 hxg5 44. Rb7 a4 {[%emt 0:01:51] Weighted Error Value: White=0.08 (flawless) /Black=0.09 (flawless) .  Mistake:       	White=1     	Black=1      Inaccurate:     	White=4     	Black=2      OK:         	White=15    	Black=14     Best:        	White=2     	Black=2      Strong:       	White=1     	Black=1      Brilliant:      	White=1     	---} 1/2-1/2

[Event "FIDE Candidates 2024"]
[Site "Toronto"]
[Date "2024.04.09"]
[Round "5.2"]
[White "Firouzja, Alireza"]
[Black "Nakamura, Hikaru"]
[Result "0-1"]
[ECO "C54"]
[WhiteElo "2760"]
[BlackElo "2789"]
[Annotator "TA"]
[PlyCount "126"]
[EventDate "2024.04.02"]
[EventType "tourn"]
[EventCountry "CAN"]
[SourceTitle "playchess.com"]
[Source "ChessBase"]
[SourceQuality "1"]
[TimeControl "40/7200:1800+30"]

1. e4 e5 2. Nf3 Nc6 3. Bc4 Nf6 4. d3 Bc5 5. c3 h6 (5... d6 6. O-O O-O 7. Bg5 h6 8. Bh4 a6 9. a4 Ba7 10. Nbd2 g5 11. Bg3 Kg7 12. b4 Nh7 13. b5 Ne7 14. d4 f6 15. Re1 Ng6 16. Nf1 h5 17. h4 g4 {1-0 Firouzja,A (2777)-Nakamura,H (2787) Bullet Chess Winners blitz 2023 (4.4)}) 6. b4 Be7 {[%emt 0:00:12] C54: Giuoco Piano: 4 c3 Nf6, main lines with 5 d4 and 5 d3.} 7. Qb3 O-O 8. a4 d6 9. Nbd2 $146 ({Predecessor:} 9. O-O Bg4 10. Nbd2 Qd7 11. Re1 Rad8 12. h3 Be6 13. Bd5 Nb8 14. d4 Bxd5 15. exd5 {½-½ Firouzja,A (2777)-Andreikin,D (2729) Chess.com Speed Chess blitz 2023 (1)}) 9... Nb8 10. d4 exd4 11. cxd4 a5 12. e5 Nh5 13. b5 Nf4 14. g3 d5 15. Bf1 Ne6 16. Bg2 c6 17. O-O Nd7 18. Bb2 Nb6 19. bxc6 bxc6 20. Bc3 c5 21. Rfb1 Ra6 22. dxc5 Bxc5 23. Qb5 Qc7 24. Rc1 Qa7 25. Qe2 Bd7 26. Bf1 Nc4 27. Nb3 Bb6 28. Rd1 Qa8 29. Bg2 Nc5 (29... Ra7 $11) 30. Nxc5 $16 Bxc5 31. Nh4 Nb6 32. Bd4 (32. Qd3 {is interesting.} Rc8 33. Ra2 Bg4 34. Bf3) 32... Bxd4 33. Rxd4 Ra7 34. h3 (34. Rb1 $14 Qc6 35. Qe3) 34... Rc7 $11 35. g4 Qc8 36. Qd2 Rc5 37. Qf4 Re8 (37... g5 $5 38. Qf6 $8 Qd8 39. Qxd8 Rxd8 $15) 38. Nf5 Bxf5 39. gxf5 Qc7 40. Re1 Nd7 41. e6 Qxf4 42. Rxf4 Nf6 43. Rd4 Kf8 44. Rd2 fxe6 45. fxe6 Ke7 46. Rb2 Rec8 $1 47. Bf1 Ne4 48. Bd3 Nc3 ({Of course not} 48... Kxe6 49. Bxe4 dxe4 50. Rxe4+ Kf6 51. Rg4 $11) (48... Rc1 $17 49. Rb7+ Kxe6) 49. f4 $11 d4 50. Rg2 g5 51. f5 Nd5 52. Re4 Nb4 53. f6+ Kxf6 54. Rf2+ Rf5 $1 55. Rxf5+ Kxf5 56. e7 $1 Nxd3 57. e8=Q Rxe8 58. Rxe8 Nf4 59. Kf1 d3 ({Don't play} 59... Nxh3 60. Ra8 Nf4 61. Rxa5+ Ke4 62. Ra8 $16) 60. Kf2 Nxh3+ 61. Ke3 $1 g4 62. Kxd3 $2 (62. Rd8 $11) 62... g3 $19 63. Rf8+ Ke6 0-1